AoeStats
← 邪惡貓貓頭ಥ_ಥ

Arena

508824327Analyzed
4v4 RM · 9d ago on Sep 24, 2026· 34m 54s· 8 players
Game mode
Random Map
Map size
Large (8 player)
Population
200
Speed
Normal
Resources
Standard
Victory
Conquest
Starting age
Dark Age
Ending age
Imperial Age
RankedLock teamsTeams togetherTeam positionsShared explorationLock speedFull tech treeHidden civsTurbo modeCheats
Victory
Defeat
🇬🇧 Ethiopians · United Kingdom
1604
+9
1482
+14
🇹🇼 Gurjaras · Taiwan
1467
+14
🇹🇼 Danes · Taiwan
1425
+17
🇩🇪 Teutons · Germany
1466
-15
🇨🇿 Koreans · Czechia
1433
-13
🇨🇳 Persians · China
1418
-13
🇳🇱 Danes · Netherlands
1415
-13
GansGanssen
10:01 Feudal Age
13:47 Castle Age
12:29 Double-Bit Axe
13:01 Horse Collar
17:54 Loom
20:02 Fletching
tH_cept
10:59 Feudal Age
11:04 Feudal Age
15:20 Castle Age
13:34 Double-Bit Axe
14:20 Horse Collar
16:35 Wheelbarrow
17:15 Bow Saw
18:29 Loom
23:58 Hand Cart
23:57 Scale Mail Armor
24:05 Gold Mining
29:25 Imperial Age
28:07 Masonry
27:49 Fletching
29:22 Forging
31:04 Chain Mail Armor
31:26 Iron Casting
33:43 Plate Mail Armor
34:45 Blast Furnace
33:31 Man-at-Arms
33:57 Gambesons
huangtmc
9:54 Feudal Age
13:57 Castle Age
12:28 Double-Bit Axe
14:44 Wheelbarrow
15:01 Bow Saw
14:54 Horse Collar
15:17 Town Watch
18:42 Scale Barding Armor
20:57 Forging
21:02 Bloodlines
20:53 Husbandry
24:31 Chain Barding Armor
26:00 Loom
37:19 Imperial Age
Joseph90
11:44 Feudal Age
12:48 Double-Bit Axe
13:01 Horse Collar
16:24 Castle Age
17:26 Bow Saw
17:18 Heavy Plow
20:51 Wheelbarrow
21:10 Stone Mining
21:17 Gold Mining
23:36 Loom
24:31 Fletching
25:53 Bodkin Arrow
27:35 Hand Cart
28:48 Ballistics
31:01 Pikeman
31:41 Squires
31:43 Scale Mail Armor
31:54 Forging
36:48 Imperial Age
阿姆斯特朗旋風噴射騎鯊聖熊
9:33 Feudal Age
13:38 Castle Age
12:49 Double-Bit Axe
14:53 Bow Saw
18:34 Horse Collar
20:29 Wheelbarrow
23:23 Gold Mining
24:57 Gold Shaft Mining
28:57 Imperial Age
27:14 Scale Mail Armor
27:08 Stone Mining
28:08 Hand Cart
28:23 Heavy Plow
28:49 Chain Mail Armor
28:44 Forging
28:37 Loom
29:21 Squires
29:07 Arson
29:27 Elite Varangian Guard
30:56 Plate Mail Armor
31:01 Iron Casting
31:44 Conscription
30:57 Shield Wall
33:10 Two-Man Saw
32:42 Crop Rotation
31:37 Capped Ram
32:15 Town Watch
33:43 Siege Ram
BBBBBBBB
9:12 Feudal Age
13:17 Castle Age
11:09 Double-Bit Axe
12:07 Gold Mining
12:23 Horse Collar
12:58 Loom
14:21 Bow Saw
18:42 Fervor
18:45 Redemption
22:01 Sanctity
22:31 Fervor
34:05 Imperial Age
34:10 Herbal Medicine
35:28 Theocracy
35:28 Illumination
sawadcard
10:36 Feudal Age
11:33 Double-Bit Axe
11:41 Horse Collar
14:37 Castle Age
15:41 Bow Saw
15:33 Heavy Plow
18:42 Loom
18:42 Town Watch
21:23 Wheelbarrow
21:44 Gold Mining
22:00 Stone Mining
22:52 Hand Cart
27:33 Imperial Age
27:06 Scale Mail Armor
27:17 Forging
27:44 Capped Ram
28:43 Fletching
28:35 Siege Ram
29:47 Chain Mail Armor
30:01 Onager
33:08 Elite Jomsviking
34:46 Plate Mail Armor
34:51 Iron Casting
邪惡貓貓頭ಥ_ಥ
10:59 Feudal Age
14:33 Castle Age
12:34 Double-Bit Axe
13:59 Gold Mining
14:38 Crossbowman
15:10 Fletching
16:20 Bodkin Arrow
21:08 Bow Saw
22:12 Horse Collar
23:05 Padded Archer Armor
23:45 Wheelbarrow
24:04 Leather Archer Armor
25:36 Gold Shaft Mining
27:16 Hand Cart
31:48 Imperial Age
32:16 Ballistics
31:44 Loom
32:31 Bracer
33:33 Chemistry
31:54 Arbalester
33:28 Thumb Ring
35:54 Ring Archer Armor
35:31 Siege Engineers
Connection lost

Rejoining the realm…

Still unreachable

The connection could not be restored.

Session expired

The server has moved on; the page needs a fresh start.